Cogmind - Beta 13 @@@ ROGUE MODE // 2024.04.25 @ 08:38:47 Player: RD-BNK(r) Result: Destroyed by Y-45 Defender with Beam Rifle Performance ------------- Evolutions (2) 1000 Regions Visited (8) 1600 Robots Destroyed (122) 610 Value Destroyed (4753) 4753 Prototype IDs (9) 180 Alien Tech Used (0) 0 Bonus (764) 764 TOTAL SCORE: 8907 Bonus ------- High Alert Combat Kills 517 Follower Combat Kills 87 Entered Garrisons 200 Friendly Fire -40 Cogmind --------- Core Integrity 0/550 Matter 273/300 Energy 14/265 System Corruption 1% Temperature Cool (7) Movement Treading (320) Ox2 Location -8/Garrison Parts ------- > --- POWER (1) -------- Improved Ion Engine > --- PROPULSION (4) --- Light Treads Light Treads > --- UTILITY (4) ------ Improved Heat Sink Huge Storage Unit Seismic Detector Remote Shield > --- WEAPON (2) ------- Particle Gun Rocket Launcher > --- INVENTORY (25) --- Improved Ion Engine Light Nuclear Core Heat Sink Improved Heat Sink Improved Heat Sink Medium Storage Unit Advanced Weight Redist. System Hacking Suite Hacking Suite Hacking Suite System Shield System Shield Relay Coupler [NC] (27) Relay Coupler [NC] (24) Relay Coupler [NC] (31) Relay Coupler [Swarmer] (37) Relay Coupler [Grunt] (29) Relay Coupler [Brawler] (29) Relay Coupler [Sentry] (18) Relay Coupler [Hunter] (18) Particle Gun Particle Gun High-powered Shotgun Datajack Katana Peak State ------------ > --- POWER ------------ Deuterium Engine > --- PROPULSION ------- Improved Treads Armored Treads Armored Treads Armored Treads > --- UTILITY ---------- Improved Heat Sink Huge Storage Unit Hardened Medium Armor Plating Hardened Medium Armor Plating > --- WEAPON ----------- Advanced Beam Rifle Enhanced Autogun > --- INVENTORY -------- Deuterium Engine Deuterium Engine Deuterium Engine Light Treads Light Treads Light Treads Light Treads Light Treads Light Treads Improved Treads Improved Treads Improved Heat Sink Medium Storage Unit Weight Redist. System Seismic Detector Hardened Medium Armor Plating Hacking Suite Hacking Suite Hacking Suite Hacking Suite System Shield System Shield Advanced Beam Rifle Rocket Launcher Datajack [Rating: 37] Favorites ----------- Power Deuterium Engine Engine Deuterium Engine Power Core Light Nuclear Core Propulsion Light Treads Treads Light Treads Leg Aluminum Leg Wheel Armored Wheel Utility Hardened Medium Armor Plating Device Improved Heat Sink Storage Huge Storage Unit Processor Machine Analyzer Protection Hardened Medium Armor Plating Weapon Improved Assault Rifle Energy Gun Advanced Beam Rifle Ballistic Gun Improved Assault Rifle Launcher Rocket Launcher Build | -11 -10 -10 -9 -9 -9 -8 -8 -8 ------- Run | Yrd Mat Min Mat Min Exi Min Mat Gar Slots Evolved 4 | . . . 2 . . . 2 . Power . | . . . . . . . . . Propulsion 2 | . . . 2 . . . . . Utility 2 | . . . . . . . 2 . Weapon . | . . . . . . . . . Parts Attached 97 | 2 9 . 16 . . 8 38 24 Power 9 | . . . 2 . . 1 3 3 Engine 7 | . . . 2 . . . 2 3 Core 2 | . . . . . . 1 1 . Reactor . | . . . . . . . . . Propulsion 46 | 2 2 . 9 . . 6 18 9 Treads 42 | 2 . . 7 . . 6 18 9 Leg . | . . . . . . . . . Wheel 4 | . 2 . 2 . . . . . Hover . | . . . . . . . . . Flight . | . . . . . . . . . Utility 21 | . 4 . 2 . . 1 9 5 Device 8 | . 1 . 1 . . . 2 4 Storage 3 | . 2 . . . . . 1 . Processor 1 | . . . . . . . . 1 Hackware . | . . . . . . . . . Protection 9 | . 1 . 1 . . 1 6 . Artifact . | . . . . . . . . . Weapon 21 | . 3 . 3 . . . 8 7 Energy Gun 5 | . 1 . . . . . 1 3 Energy Cannon . | . . . . . . . . . Ballistic Gun 14 | . 2 . 3 . . . 6 3 Ballistic Cannon . | . . . . . . . . . Launcher 2 | . . . . . . . 1 1 Special Weapon . | . . . . . . . . . Impact Weapon . | . . . . . . . . . Slashing Weapon . | . . . . . . . . . Piercing Weapon . | . . . . . . . . . Special Melee Weapon . | . . . . . . . . . Unidentified Prototypes 3 | . . . 1 . . . 2 . Parts Lost 33 | . 1 . 1 . . 6 9 16 Power 2 | . . . . . . . . 2 Propulsion 16 | . . . . . . 5 2 9 Utility 7 | . . . . . . 1 5 1 Weapon 8 | . 1 . 1 . . . 2 4 Highest Loss Streak 6 | . 1 . 1 . . 6 4 6 To Critical Strikes . | . . . . . . . . . Average Slot Usage (%) 96 | . 98 100 99 100 100 91 96 94 Engine 8 | . 14 14 11 11 11 3 6 8 Core 1 | . . . . . . 7 2 . Treads 33 | . 13 . 39 44 44 44 35 31 Wheel 3 | . 14 28 3 . . . . . Device 7 | . 6 14 5 . . . 6 18 Storage 10 | . 14 14 11 11 11 11 9 9 Processor 1 | . . . . . . . . 8 Protection 8 | . 6 . 5 11 11 3 17 . Energy Gun 4 | . . . . . . . 7 8 Ballistic Gun 16 | . 27 28 22 22 22 22 10 8 Naked Turns . | . . . . . . . . . Heaviest Build 112 | 14 32 32 38 38 38 34 112 101 Greatest Support 89 | 40 40 24 83 83 83 82 89 83 Greatest Overweight (x) 1 | . 1 1 1 . . . 1 1 Average Overweight (x) . | . . 1 . . . . . 1 Largest Inventory Capacity 25 | 8 15 15 15 15 15 15 25 25 Average Capacity 19 | 8 10 15 15 15 15 15 24 25 Most Carried 25 | 6 13 13 15 15 15 15 25 25 Average Carried 17 | 5 8 13 14 14 15 11 21 23 Final Capacity 25 | 8 15 15 15 15 15 15 25 25 Final Carried 25 | 4 13 13 15 15 15 12 20 25 Class Distribution -------------------- 55% | Scavenger-Mutant 44% | Mutant Dominant Class ---------------- Mutant | -10/Materials Mutant | -10/Mines Scavenger-Mutant | -9/Materials Scavenger-Mutant | -9/Mines Scavenger-Mutant | -9/Exiles Scavenger-Mutant | -8/Mines Mutant | -8/Materials Scavenger-Mutant | -8/Garrison Resources | -11 -10 -10 -9 -9 -9 -8 -8 -8 ----------- Run | Yrd Mat Min Mat Min Exi Min Mat Gar Matter Collected 2862 | 200 369 24 445 97 . 209 908 610 Remotely . | . . . . . . . . . Salvage Created 4865 | . 467 52 765 140 . 225 2162 1054 Parts 295 | . 26 2 59 13 . 19 129 47 Haulers Intercepted 8 | . 2 . 2 . . . 4 . Recyclers Shooed 3 | . 2 . . 1 . . . . Parts Field Recycled . | . . . . . . . . . Retrieved Matter . | . . . . . . . . . Parts Self-Destructed . | . . . . . . . . . Prevented . | . . . . . . . . . Kills | -11 -10 -10 -9 -9 -9 -8 -8 -8 ------- Run | Yrd Mat Min Mat Min Exi Min Mat Gar Combat Hostiles Destroyed 96 | . 7 1 13 7 . 7 36 25 Guns 92 | . 7 1 13 7 . 7 32 25 AOE 4 | . . . . . . . 4 . Classes Destroyed 15 | . 4 . 5 2 . . 1 3 Worker 3 | . . . . 1 . 1 1 . Builder 2 | . . . . . . . 2 . Tunneler 1 | . . . 1 . . . . . Hauler 8 | . 2 . 2 . . . 4 . Recycler 5 | . 1 . . . . . 4 . Operator 3 | . . . 1 . . . 2 . Watcher 4 | . 1 . 1 . . . 2 . Swarmer 17 | . . . . 6 . 4 4 3 Grunt 51 | . 7 1 4 1 . 3 21 14 Brawler 2 | . . . 1 . . . 1 . Duelist 4 | . . . 1 . . . 2 1 Protector 1 | . . . . . . . . 1 Sentry 19 | . . . 7 . . . 8 4 Demolisher 1 | . . . . . . . . 1 Hunter 1 | . . . . . . . . 1 Best Kill Streak 5 | . 2 1 4 3 . 4 5 3 Combat Bots Only 5 | . 2 1 4 3 . 4 5 3 Max Kills in Single Turn 4 | . 1 1 1 1 . 1 4 1 Gunslinging . | . . . . . . . . . Exploded 4 | . . . . . . . 4 . Melee . | . . . . . . . . . Uniques/NPCs Destroyed . | . . . . . . . . . Combat | -11 -10 -10 -9 -9 -9 -8 -8 -8 -------- Run | Yrd Mat Min Mat Min Exi Min Mat Gar Hostile Shots Fired 627 | . 44 2 68 16 . 75 259 163 Missed 152 | . 10 . 25 3 . 10 62 42 Damage Taken 7341 | . 424 30 615 117 . 872 3251 2032 Core 699 | . 56 . 20 8 . 58 303 254 Absorbed by Shields 39 | . . . . . . . . 39 Redirected to Shielding 9 | . 9 . . . . . . . Core Remaining (%) 85 | 100 . 77 . . . 78 . . Volleys Fired 368 | . 46 3 44 13 . 30 146 86 Largest 2 | . 2 2 2 2 . 2 2 2 Hottest 90 | . 85 46 46 46 . 46 86 90 Shots Fired 722 | . 89 6 88 27 . 53 289 170 Gun 718 | . 89 6 88 27 . 53 287 168 Cannon . | . . . . . . . . . Launcher 4 | . . . . . . . 2 2 Special . | . . . . . . . . . Kinetic 533 | . 88 6 88 27 . 53 187 84 Thermal 185 | . 1 . . . . . 100 84 Explosive 4 | . . . . . . . 2 2 Electromagnetic . | . . . . . . . . . Robot Hit Streak 19 | . 10 4 11 7 . 19 18 11 Robot Miss Streak 5 | . 5 1 2 2 . 2 3 3 Penetration Max . | . . . . . . . . . Secondary Targets 13 | . 1 . 2 . . 2 4 4 Max Gunslinging Chain 1 | . 1 . 1 . . 1 1 1 Shots Hit Robots 507 | . 62 5 60 15 . 42 212 111 Core Hits 224 | . 24 2 29 8 . 13 95 53 Critical Kills 1 | . . . . 1 . . . . Critical Parts Destroyed 2 | . 1 . 1 . . . . . Critical Strikes 22 | . 1 . 1 1 . . 11 8 Burn 19 | . . . . . . . 11 8 Destroy 3 | . 1 . 1 1 . . . . Melee Attacks . | . . . . . . . . . Impact . | . . . . . . . . . Slashing . | . . . . . . . . . Piercing . | . . . . . . . . . Sneak Attacks . | . . . . . . . . . Combat Hostiles . | . . . . . . . . . Follow-up Attacks . | . . . . . . . . . Damage Inflicted 8908 | . 802 75 937 246 . 639 4135 2074 Guns 8609 | . 802 75 937 246 . 614 3889 2046 Cannons . | . . . . . . . . . Explosions 245 | . . . . . . . 217 28 Melee . | . . . . . . . . . Ramming 54 | . . . . . . 25 29 . Kinetic 6025 | . 797 75 937 246 . 614 2449 907 Thermal 2584 | . 5 . . . . . 1440 1139 Explosive 245 | . . . . . . . 217 28 Electromagnetic . | . . . . . . . . . Impact . | . . . . . . . . . Slashing . | . . . . . . . . . Piercing . | . . . . . . . . . Highest Corruption 1 | . . . . 1 1 1 . 1 Average Corruption 1 | . . . . 1 1 1 . 1 Corruption Purged . | . . . . . . . . . Corruption Blocked . | . . . . . . . . . Effects 13 | . . . . 5 2 6 . . Message Errors 2 | . . . . 1 . 1 . . Matter Fused 5 | . . . . 2 1 2 . . Heat Flow Errors 3 | . . . . . 1 2 . . Energy Discharges 1 | . . . . . . 1 . . Data Loss (minor) 1 | . . . . 1 . . . . Misfires 1 | . . . . 1 . . . . Overload Shots . | . . . . . . . . . Overflow Damage . | . . . . . . . . . Projectiles . | . . . . . . . . . Explosions . | . . . . . . . . . Melee . | . . . . . . . . . Knockbacks . | . . . . . . . . . Impact . | . . . . . . . . . Kinetic . | . . . . . . . . . Secondary . | . . . . . . . . . Self-Inflicted Damage 80 | . . . . . . . 12 68 Shots 3 | . . . . . . . 1 2 Rammed 8 | . . . . . . 4 4 . Targets Rammed 9 | . . . . . . 4 5 . Kicked . | . . . . . . . . . Crushed 1 | . . . . . . . 1 . Highest Temperature 353 | . 24 12 28 . 146 225 353 17 Average Temperature 67 | . 4 6 10 . 81 128 69 10 Received Heat Transfer 3300 | . 243 20 213 . . 441 1530 853 Effects 2 | . . . . . . 1 1 . Shutdowns 1 | . . . . . . . 1 . Interference 1 | . . . . . . 1 . . Siege Activations . | . . . . . . . . . Robots Corrupted . | . . . . . . . . . Combat Hostiles . | . . . . . . . . . Parts Fried . | . . . . . . . . . Impact Corruptions . | . . . . . . . . . Robots Melted . | . . . . . . . . . Combat Hostiles . | . . . . . . . . . Parts Melted 7 | . . . . . . . 3 4 Heat Transferred 6073 | . 5 . . . . . 3388 2680 Parts Sabotaged . | . . . . . . . . . Parts Stolen . | . . . . . . . . . Parts Stripped . | . . . . . . . . . Power Chain Reactions . | . . . . . . . . . Alert | -11 -10 -10 -9 -9 -9 -8 -8 -8 ------- Run | Yrd Mat Min Mat Min Exi Min Mat Gar Peak Influence 1230 | . 158 99 307 190 . 130 561 1230 Initial 351 | . . 13 38 100 . . . 351 Average 259 | . 37 53 174 113 . 28 193 821 Maximum Alert Level 4 | . . . 1 . . . 2 4 Low Security (%) 62 | 100 100 100 53 100 . 100 62 . Level 1 17 | . . . 46 . . . 30 4 Level 2 8 | . . . . . . . 6 33 Level 3 6 | . . . . . . . . 33 Level 4 5 | . . . . . . . . 27 Level 5 . | . . . . . . . . . High Security . | . . . . . . . . . Max Security . | . . . . . . . . . Squads Dispatched 9 | . . . 2 . . . 7 . Investigation 1 | . . . . . . . 1 . Extermination . | . . . . . . . . . Reinforcement 4 | . . . 2 . . . 2 . Assault 1 | . . . . . . . 1 . Garrison 3 | . . . . . . . 3 . Intercept . | . . . . . . . . . Searches Triggered . | . . . . . . . . . Construction Impeded . | . . . . . . . . . Haulers Reinforced . | . . . . . . . . . Active Scanning Responses . | . . . . . . . . . Cargo Convoy Interrupts . | . . . . . . . . . Stealth | -11 -10 -10 -9 -9 -9 -8 -8 -8 --------- Run | Yrd Mat Min Mat Min Exi Min Mat Gar Distress Signals 5 | . 1 . 1 . . . 3 . Communications Jammed . | . . . . . . . . . Distress Signals . | . . . . . . . . . Times Spotted 161 | . 16 7 20 7 . 8 68 35 Peak Tracking Total 8 | . 3 8 4 4 . 4 6 6 Tactical Retreats 7 | . . . . . . 1 4 2 Traps | -11 -10 -10 -9 -9 -9 -8 -8 -8 ------- Run | Yrd Mat Min Mat Min Exi Min Mat Gar Traps Triggered 9 | . . . . . . . 2 7 Indirectly . | . . . . . . . . . Trap Hack Attempts . | . . . . . . . . . Triggered . | . . . . . . . . . Disarmed . | . . . . . . . . . Reprogrammed . | . . . . . . . . . Reused . | . . . . . . . . . Traps Extracted . | . . . . . . . . . Installed . | . . . . . . . . . Triggered . | . . . . . . . . . Machines | -11 -10 -10 -9 -9 -9 -8 -8 -8 ---------- Run | Yrd Mat Min Mat Min Exi Min Mat Gar Machines Disabled 10 | . . 1 . 1 . . 4 4 Max in Single Turn 1 | . . . . 1 . . 1 1 Garrison Relay 5 | . . . . . . . . 5 Machines Repaired . | . . . . . . . . . Machines Dismantled . | . . . . . . . . . Machines Sabotaged . | . . . . . . . . . Overloaded Fab Kills . | . . . . . . . . . Hacking | -11 -10 -10 -9 -9 -9 -8 -8 -8 --------- Run | Yrd Mat Min Mat Min Exi Min Mat Gar Machines Accessed 28 | . 8 1 6 2 . . 9 2 Terminals 21 | . 6 . 6 1 . . 6 2 Fabricators . | . . . . . . . . . Repair Stations . | . . . . . . . . . Recycling Units 4 | . 2 . . . . . 2 . Scanalyzers . | . . . . . . . . . Garrison Access 1 | . . . . . . . 1 . Total Hacks 58 | . 14 1 14 3 . . 19 7 Successful 26 | . 6 1 6 2 . . 10 1 Failed 32 | . 8 . 8 1 . . 9 6 Catastrophic 9 | . 2 . 1 . . . 3 3 Database Lockouts . | . . . . . . . . . Manual 27 | . 11 . 7 . . . 9 . Terminals 50 | . 11 . 14 2 . . 16 7 Fabricators . | . . . . . . . . . Repair Stations . | . . . . . . . . . Recycling Units 5 | . 3 . . . . . 2 . Scanalyzers . | . . . . . . . . . Garrison Access 1 | . . . . . . . 1 . Terminal Hacks 18 | . 2 1 5 2 . . 7 1 Robot Analysis 1 | . . . . . . . 1 . Prototype ID Bank 2 | . . . 1 . . . 1 . Open Door 3 | . . 1 . 1 . . . 1 Terminal Index 3 | . 1 . 1 . . . 1 . Recycling Unit Index 1 | . . . . . . . 1 . Alert Level 1 | . . . . . . . 1 . Locate Traps 2 | . . . 2 . . . . . Patrol Status 1 | . . . . 1 . . . . Hauler Manifests 3 | . 1 . 1 . . . 1 . Registered Components 1 | . . . . . . . 1 . Fabricator Hacks . | . . . . . . . . . Repair Station Hacks . | . . . . . . . . . Recycling Unit Hacks 2 | . . . . . . . 2 . Report Inventory 1 | . . . . . . . 1 . Retrieve Components 1 | . . . . . . . 1 . Scanalyzer . | . . . . . . . . . Garrison Access Hacks 1 | . . . . . . . 1 . Unlock Access 1 | . . . . . . . 1 . Unauthorized Hacks 5 | . 4 . 1 . . . . . Terminals 2 | . 1 . 1 . . . . . Operators 2 | . 1 . 1 . . . . . Fabricators . | . . . . . . . . . Repair Stations . | . . . . . . . . . Recycling Units 3 | . 3 . . . . . . . Reject 2 | . 2 . . . . . . . Recyclers 1 | . 1 . . . . . . . Scanalyzers . | . . . . . . . . . Garrison Access . | . . . . . . . . . Data Cores Recovered 1 | . . . . . . . 1 . Used . | . . . . . . . . . Hacking Detections 16 | . 4 . 3 . . . 7 2 Full Trace Events 3 | . . . . . . . 1 2 Feedback Events . | . . . . . . . . . Feedback Blocked . | . . . . . . . . . Robot Schematics Acquired . | . . . . . . . . . Robots Built . | . . . . . . . . . Authchips . | . . . . . . . . . Time . | . . . . . . . . . Total Robot Build Rating . | . . . . . . . . . Part Schematics Acquired . | . . . . . . . . . Parts Built . | . . . . . . . . . Authchips . | . . . . . . . . . Time . | . . . . . . . . . Total Part Build Rating . | . . . . . . . . . Parts Repaired . | . . . . . . . . . Time . | . . . . . . . . . Parts Recycled . | . . . . . . . . . Recycled Matter . | . . . . . . . . . Retrieved Matter . | . . . . . . . . . Retrieved Components 10 | . . . . . . . 10 . Parts Scanalyzed . | . . . . . . . . . Part Schematics Acquired . | . . . . . . . . . Parts Damaged . | . . . . . . . . . Bothacking | -11 -10 -10 -9 -9 -9 -8 -8 -8 ------------ Run | Yrd Mat Min Mat Min Exi Min Mat Gar Used RIF Installer . | . . . . . . . . . Robots Hacked . | . . . . . . . . . Non-combat . | . . . . . . . . . Combat . | . . . . . . . . . Robot Hacks Applied . | . . . . . . . . . Relay Couplers Released 19 | . . . . . . . . 19 Machine Destruction 19 | . . . . . . . . 19 Fabnet Peak Effective % . | . . . . . . . . . Robots Rewired 3 | . . . . . . . . 3 Allies Hacked . | . . . . . . . . . Hacks Repelled . | . . . . . . . . . Allies | -11 -10 -10 -9 -9 -9 -8 -8 -8 -------- Run | Yrd Mat Min Mat Min Exi Min Mat Gar Total Allies 5 | . . 2 . . . . . 3 Largest Group 3 | . . 2 . . . . . 3 Highest-Rated Group 89 | . . 41 . . . . . 89 Highest-Rated Ally 39 | . . 31 . . . . . 39 Total Orders . | . . . . . . . . . Ally Attacks 40 | . . 5 . . . . . 35 Total Damage 362 | . . 44 . . . . . 318 Kills 3 | . . 1 . . . . . 2 Allies Corrupted . | . . . . . . . . . Allies Melted . | . . . . . . . . . Intel | -11 -10 -10 -9 -9 -9 -8 -8 -8 ------- Run | Yrd Mat Min Mat Min Exi Min Mat Gar Robot Analysis Total 1 | . . . . . . . 1 . Derelict Logs Recovered 2 | . . 1 . 1 . . . . Drone Launches . | . . . . . . . . . Drone Recoveries . | . . . . . . . . . Exploration | -11 -10 -10 -9 -9 -9 -8 -8 -8 ------------- Run | Yrd Mat Min Mat Min Exi Min Mat Gar Turns Passed 9626 | 4 1120 333 1178 767 311 911 3296 1706 Spaces Moved 4460 | 1 774 299 547 442 195 506 1129 567 Core . | . . . . . . . . . Treads 3609 | 1 240 . 529 442 195 506 1129 567 Legs . | . . . . . . . . . Wheels 851 | . 534 299 18 . . . . . Hover . | . . . . . . . . . Flight . | . . . . . . . . . Fastest Speed 90 | 160 90 105 105 160 160 156 156 240 Average Speed 179 | 160 116 105 166 160 160 157 238 240 Slowest Speed 247 | 160 160 105 240 160 160 160 247 245 Overloaded Moves . | . . . . . . . . . Propulsion Burnouts . | . . . . . . . . . Robots Hopped . | . . . . . . . . . Cave-ins Triggered . | . . . . . . . . . Exploration Rate (%) 70 | 2 96 84 54 83 59 95 85 72 Regions Visited 8 Branch Regions 4 Pre-discovered Areas 1 | . . 1 . . . . . . Known Exits Taken 2 | . . 1 . . . . 1 . Unknown Exits Taken 6 | 1 1 . 1 1 1 1 . . Scrap Searched 2 | . . 1 . . . 1 . . Spaces Dug 6 | . . . . . . . 6 . Terrain Destroyed 18 | . . . . . . . 6 12 Melee . | . . . . . . . . . Projectile 3 | . . . . . . . . 3 AOE 15 | . . . . . . . 6 9 Terrain Rammed . | . . . . . . . . . Walls Destroyed . | . . . . . . . . . Machines Disabled . | . . . . . . . . . Actions | -11 -10 -10 -9 -9 -9 -8 -8 -8 --------- Run | Yrd Mat Min Mat Min Exi Min Mat Gar Total 5405 | 4 908 313 731 476 194 564 1474 741 Wait 334 | . 53 12 99 20 . 16 124 10 Move 4452 | . 773 298 546 441 194 505 1128 567 Hop . | . . . . . . . . . Pick Up 69 | . 16 . 11 1 . 1 15 25 Fast Attach 23 | . 4 . 5 . . 1 12 1 Attach 32 | . 1 . 3 . . 5 6 17 Detach . | . . . . . . . . . Swap 42 | 2 4 . 8 . . 2 20 6 Drop 52 | 2 11 . 15 1 . . 18 5 Fire 368 | . 46 3 44 13 . 30 146 86 Melee . | . . . . . . . . . Ram . | . . . . . . . . . Kick . | . . . . . . . . . Crush 9 | . . . . . . 4 5 . Escape Stasis 10 | . . . . . . . . 10 Rewire 14 | . . . . . . . . 14 Trap . | . . . . . . . . . Miscellaneous . | . . . . . . . . . Route ------- -11/Scrapyard -10/Materials (discovered 5 exits: *Mat x3 / *Min x2) -10/Mines (discovered 2 exits: *Mat x2) -9/Materials (discovered 3 exits: *Mat x2 / *Min) -9/Mines (discovered 3 exits: *Mat / [*Exi] / [*Zio]) -9/Exiles -8/Mines (discovered 2 exits: *Mat x2) -8/Materials (discovered 6 exits: *Fac x3 / [*Sto x2] / Gar) -8/Garrison (discovered 4 exits: *Fac x3 / [*Mat]) History --------- Turn | Location | Event 5 | -11/Scrapyard | Discovered new exit (range 0) 5 | -11/Scrapyard | Entered Materials 195 | -10/Materials | Discovered new exit (range 8) 312 | -10/Materials | Build established: Mutant 412 | -10/Materials | Discovered new exit (range 13) 613 | -10/Materials | Discovered new exit (range 16) 726 | -10/Materials | Discovered new exit (range 9) 861 | -10/Materials | Discovered new exit (range 16) 1125 | -10/Materials | Entered Mines 1248 | -10/Mines | Found the Drone Emporium 1259 | -10/Mines | Discovered new exit (range 13) 1353 | -10/Mines | Learned location of Storage (-8) 1354 | -10/Mines | Identified exit to Materials 1452 | -10/Mines | Assembled infested the area 1458 | -10/Mines | Entered Materials 1458 | -9/Materials | Evolved 2 slots: Propulsion x2 1953 | -9/Materials | Discovered new exit (range 12) 2038 | -9/Materials | Build established: Scavenger-Mutant 2091 | -9/Materials | Discovered new exit (range 15) 2512 | -9/Materials | Discovered new exit (range 6) 2636 | -9/Materials | Entered Mines 2637 | -9/Mines | A Derelict revealed a hidden shortcut to a safe place 2675 | -9/Mines | Deemed a non-threat by the Exiles lab entrance 2675 | -9/Mines | Discovered new exit (range 5) 2708 | -9/Mines | Met a Derelict who couldn't figure out how to use a Trap Extractor 2856 | -9/Mines | Discovered new exit (range 4) 3182 | -9/Mines | A weapon hastily lodged in a ceiling crevice suddenly fell to the ground 3213 | -9/Mines | Received a Rocket Launcher from a helpful Derelict 3403 | -9/Mines | Entered Exiles 3403 | -9/Exiles | Found Exiles lab abandoned 3696 | -9/Exiles | Discovered new exit (range 14) 3714 | -9/Exiles | Entered Mines 3793 | -8/Mines | Lost 6 parts (5n1u) 3897 | -8/Mines | Discovered new exit (range 7) 4320 | -8/Mines | Discovered new exit (range 6) 4625 | -8/Mines | Entered Materials 4625 | -8/Materials | Evolved 2 slots: Utility x2 4626 | -8/Materials | Identified exit to Factory 5383 | -8/Materials | Discovered exit to Factory (range 3) 5718 | -8/Materials | Build established: Mutant 6047 | -8/Materials | Discovered new exit (range 16) 6374 | -8/Materials | Discovered new exit (range 7) 7595 | -8/Materials | Discovered exit to Factory (range 7) 7708 | -8/Materials | Garrison activated, responded to threat 7750 | -8/Materials | Identified exit to Garrison 7825 | -8/Materials | First assault squad dispatched 7890 | -8/Materials | Core integrity fell below 50% 7910 | -8/Materials | Lost 4 parts (1n3u) 7921 | -8/Materials | Entered Garrison 7949 | -8/Garrison | Triggered checkpoint 8005 | -8/Garrison | Garrison Relay disabled 8219 | -8/Garrison | Triggered checkpoint 8296 | -8/Garrison | Build established: Scavenger-Mutant 8370 | -8/Garrison | Garrison Relay disabled 8429 | -8/Garrison | Discovered exit to Factory (range 13) 8614 | -8/Garrison | Lost 5 parts (1p3n1w) 8787 | -8/Garrison | Core integrity fell below 20% 8815 | -8/Garrison | Lost 6 parts (1p3n1u1w) 8889 | -8/Garrison | Triggered checkpoint 8995 | -8/Garrison | Triggered checkpoint 9027 | -8/Garrison | Garrison Relay disabled 9107 | -8/Garrison | Discovered exit to Factory (range 12) 9135 | -8/Garrison | Triggered checkpoint 9203 | -8/Garrison | Discovered new exit (range 5) 9489 | -8/Garrison | Garrison Relay disabled 9544 | -8/Garrison | Discovered exit to Factory (range 12) 9624 | -8/Garrison | Garrison Relay disabled 9627 | -8/Garrison | Destroyed by Y-45 Defender with Beam Rifle Last Messages --------------- 09489_ Garrison Relay disabled. 09489_ Relay Coupler [Grunt] tumbles out of relay unit. 09489_ Relay Coupler [Sentry] tumbles out of relay unit. 09489_ Relay Coupler [NC] tumbles out of relay unit. 09489_ Relay Coupler [Specialist] tumbles out of relay unit. 09489_ Relay Coupler [Sentry] tumbles out of relay unit. 09495_ Acquired Relay Coupler [NC]. 09500_ Acquired 14 matter. 09544_ EXIT=FOUND: FACTORY 09624_ Garrison Relay disabled. 09624_ Relay Coupler [Duelist] tumbles out of relay unit. 09624_ Relay Coupler [Grunt] tumbles out of relay unit. 09624_ Relay Coupler [Swarmer] tumbles out of relay unit. 09624_ C-17 Slicer knocked back. 09624_ P-60 Hacker knocked back. 09624_ Imp. Treads destroyed. 09625_ The unstable cave ceiling collapses. 09625_ C-17 Slicer springs to life. 09626_ C-17 Slicer destroyed. 09626_ ZH-8O1(h) destroyed. Map ----- +----------------------------------------------------+ | ????# *% #??????????????????????????? | | ????# % #??????????????????????????? | | ????# ########### #%##??????????????????????????? | | ????# #?????????# ###???????????????????????????? | | ????# #?????????# #?????????????????????????????? | | ????# #?????????# #?????????????????????????????? | | ????# #?????????# #?#####???????????????????????? | | ##### #?????????# #?# #???????????????????????? | | ## #?????????# ### ###########?????????????? | | ## ##????????# ! #?????????????? | | #????????# ############ ##?????????????? | | #????????# ####??????#" ""#?????????????? | | #????????# #??????#######?????????????? | | ## #????????# #??????????????????????????? | | ## ###??????# ##??????????????????????????? | | #??????## #??????????????????????????? | | #????????####??????????????????????????? | | % #??????????????????????????????????????? | | % #??????????????????????????????????????? | | ## ######?????####??????????????????????????? | | % "#%= ####"###### ##?????????????????????????? | | % = #?????????"######?????????? | | #???????????? ??????????? | | = ######## #?????????? "#????????????? | | ######??????# ######### c """?????????????? | | #???????????# + @Y = ^ p ""?????????? | | ####???????????# #######% / ""?????????? | | ???????????????# #?????# p ""?????????? | | ???????????????# #?????# # Y """"" "??????????? | | ???????????????# #?????#### ??????????????? | | ???????????????# #?????????#" ?????????????? | | ???????????????# #??????????"""""###????????????? | | ???????????????# #???????????#####??????????????? | | ???????######### #??????????????????????????????? | | ???????# #??????????????????????????????? | | ???????# ####### ############???????????????????? | | ???????# #?????# #???????????????????? | | ???????# ###???# #???????????????????? | | ???????# #???########### < #???????????????????? | | ???????# #?????????????? #???????????????????? | | ???????# #???????????????###???????????????????? | | ???????# ###?????????????????????????????????????? | | ???????# #???????????????????????????????????????? | | ???????# #???????????????????????????????????????? | | ???????#!#???????????????????????????????????????? | | ?????### #???????????????????????????????????????? | | ?????# # #???????????????????????????????????????? | | ?????# !!#???????????????????????????????????????? | | ?????#"!!#???????????????????????????????????????? | | ?????#" #???????????????????????????????????????? | +----------------------------------------------------+ Best States ------------- Heat Dissipation 50 Energy Generation 14 Energy Capacity 275 Matter Stores 300 Matter Capacity 300 Sight Range 16 Terrain Scan Density 10 Armor Coverage 525 Core Shielding 20 Evasion (%) 42 Recoil Reduction 4 Item Schematics ----------------- None Robot Schematics ------------------ None Fabricated ------------ Nothing Alien Tech Used ----------------- None Achievements -------------- None Challenges ------------ None Game ------ Seed WardroneChainFirepult Manual? 0 Play Time 01:11:46 Cumulative 86.2 hours Start 2024.04.22 @ 21:51:36 End 2024.04.25 @ 08:38:47 Sessions 7 Manual Loads 0 Difficulty Rogue Special Mode None Game No. 98 Rogue 98 Adventurer 0 Explorer 0 Win Type - Total 2 Types 2/0/0/0/0/0/0/0/0 Lore% 36 Gallery% 43 Achievement% 39 Wizard Run 0 Options --------- Layout 0 ASCII 0 Keyboard 0 Movement Mouse Keybinds 0 Fullscreen 2 Font 18/X11Bold Map View 76x50 Zoom Use 0% Tactical HUD 1 Map Filters NONE Filters NONE Steam 1 RUN: b47d32de-22c5-4331-9f54-99de00ec0dd1